 Dungeon Crawl Stone Soup version 0.26-a0-49-g0e6732e0a6 (webtiles) character file.

Game seed: 2312605127821461193

11461 Maedhros the Martial Artist (level 11, -11/74 HPs)
             Began as an Octopode Artificer on June 4, 2020.
             Was a High Priest of Cheibriados.
             Mangled by a two-headed ogre
             ... wielding a +0 giant club
              (27 damage)
             ... on level 1 of the Orcish Mines.
             The game lasted 00:42:52 (6392 turns).

Maedhros the Martial Artist (Octopode Artificer)    Turns: 6392, Time: 00:42:52

Health: -11/74     AC:  1    Str: 23    XL:     11   Next: 78%
Magic:  18/26      EV: 22    Int: 25    God:    Cheibriados [*****.]
Gold:   303        SH:  7    Dex: 33    Spells: 9/19 levels left

rFire    . . .     SeeInvis +     - Unarmed
rCold    x . .     Gourm    .   J - +0 buckler "Qitrust" {rC- rN++ Dex+7}
rNeg     + + .     Faith    .   (helmet restricted)
rPois    .         Spirit   .   (no amulet)
rElec    .         Reflect  .   b - ring of Amelioration {+Fly SInv Stlth+}
rCorr    .         Harm     .   n - ring of protection from magic
MR       +....                  (no ring)
Stlth    +++++++...             D - ring of magical power
HPRegen  0.22/turn              H - ring of see invisible
MPRegen  0.20/turn              (no ring)
                                (no ring)
                                (no ring)

@: very slow
A: almost no armour, stealthy swim, amphibious, 8 rings, constrict 8, camouflage
1, gelatinous body 1
a: Bend Time, Temporal Distortion, Slouch, Step From Time, Renounce Religion,
Evoke Flight


You were on level 1 of the Orcish Mines.
You worshipped Cheibriados.
Cheibriados was extremely pleased with you.
You were very hungry.

You visited 3 branches of the dungeon, and saw 13 of its levels.
You also visited: Sewer.

You collected 573 gold pieces.
You spent 270 gold pieces at shops.

Inventory:

Hand Weapons
 y - a +2 falchion of protection
 N - a +0 hunting sling
Missiles
 o - 6 atropa-tipped darts (quivered)
 q - 2 throwing nets
 Q - 6 javelins
 S - 31 sling bullets
Armour
 I - a +0 tower shield
 J - the +0 buckler "Qitrust" (worn) {rC- rN++ Dex+7}
   (You found it on level 5 of the Dungeon)

   It affects your dexterity (+7).
   It makes you vulnerable to cold.
   It greatly protects you from negative energy.
Magical Staves
 B - an uncursed staff of conjuration {unknown}
Jewellery
 a - an uncursed ring of ice
 b - the ring of Amelioration (left tentacle) {+Fly SInv Stlth+}
   (You found it on level 7 of the Dungeon)

   [ring of stealth]

   It lets you see invisible.
   It lets you fly.
   It makes you more stealthy.
 n - a ring of protection from magic (right tentacle)
 A - an uncursed ring of fire
 D - a ring of magical power (on tentacle)
 H - a ring of see invisible (on tentacle)
Wands
 d - a wand of random effects (2)
 w - a wand of digging (12)
 F - a wand of iceblast (5)
 L - a wand of acid (2)
 O - a wand of flame (19)
Scrolls
 e - 2 scrolls of enchant armour
 h - 2 scrolls of identify
 i - 3 scrolls of immolation
 j - 3 scrolls of amnesia
 k - 3 scrolls of remove curse
 l - 3 scrolls of blinking
 p - 2 scrolls of magic mapping {unknown}
 r - 2 scrolls of fear {unknown}
 s - a scroll of holy word {unknown}
 G - a scroll of teleportation {unknown}
 K - a scroll of noise {unknown}
 P - 2 scrolls of fog {unknown}
 R - a scroll of silence {unknown}
Potions
 c - 4 potions of curing
 g - 3 potions of brilliance {unknown}
 m - a potion of haste {unknown}
 t - a potion of flight
 u - 4 potions of heal wounds
 v - a potion of stabbing {unknown}
 x - a potion of degeneration {unknown}
 z - 2 potions of might
 C - a potion of resistance {unknown}
 E - a potion of invisibility
 M - 2 potions of mutation {unknown}
Comestibles
 f - 10 rations


   Skills:
 - Level 6.6 Fighting
   Level 1.0 Short Blades
 + Level 7.5 Dodging
 - Level 7.1 Stealth
 + Level 3.8 Shields
 - Level 10.0 Unarmed Combat
 - Level 4.5 Spellcasting
 - Level 4.5 Summonings
 + Level 2.4 Transmutations
 - Level 4.4 Air Magic
 + Level 2.6 Earth Magic
 * Level 4.1 Invocations
 - Level 3.2 Evocations


You had 9 spell levels left.
You knew the following spells:

 Your Spells              Type           Power        Failure   Level  Hunger
a - Summon Lightning Spi  Summ/Air       ####....     14%         4    ####...
b - Statue Form           Tmut/Erth      ###......    99%         6    #######

Your spell library contained the following spells:

 Spells                   Type           Power        Failure   Level  Hunger
 Summon Small Mammal      Summ           ####         1%          1    None
 Call Imp                 Summ           ####....     1%          2    None
 Call Canine Familiar     Summ           ####....     4%          3    ##.....
 Corona                   Hex            #......      9%          1    None
 Summon Guardian Golem    Hex/Summ       ###.....     11%         3    ##.....
 Ensorcelled Hibernation  Hex/Ice        #.....       13%         2    None
 Confusing Touch          Hex            #.......     26%         3    ##.....
 Dazzling Flash           Conj/Hex       #.....       26%         3    ##.....
 Gell's Gravitas          Tloc           #.........   26%         3    ##.....
 Tukima's Dance           Hex            #.......     26%         3    ##.....
 Petrify                  Tmut/Erth      ###.....     30%         4    ####...
 Summon Ice Beast         Ice/Summ       ###.....     34%         4    ####...
 Irradiate                Conj/Tmut      ##........   82%         5    #####..
 Yara's Violent Unravell  Hex/Tmut       ##........   82%         5    #####..
 Bolt of Magma            Conj/Fire/Erth ##........   86%         5    #####..
 Iskenderun's Battlesphe  Conj/Chrm      #.......     94%         5    #####..
 Metabolic Englaciation   Hex/Ice        #.........   94%         5    #####..
 Hydra Form               Tmut           ###.......   99%         6    #######
 Iron Shot                Conj/Erth      ##........   100%        6    #######
 Dragon Form              Tmut           ###.......   100%        7    #######
 Orb of Destruction       Conj           #.........   100%        7    #######
 Spellforged Servitor     Conj/Summ      ###.......   100%        7    #######


Dungeon Overview and Level Annotations

Branches:
Dungeon (11/15)            Temple (1/1) D:7             Orc (1/2) D:10
  Sewer (visited)
   Lair: D:8-11

Altars:
Ashenzari
Cheibriados
Elyvilon
Gozag
Hepliaklqana
Okawaru
Sif Muna
Uskayaw
Wu Jian
Yredelemnul
Zin
The Shining One

Shops:
D:7 !

Annotations:
D:6 Menkaure
D:10 Erolcha, Josephine
D:11 exclusion: ugly thing


Innate Abilities, Weirdness & Mutations

You cannot wear most types of armour.
You are very stealthy in the water. (Stealth+)
You are amphibious.
You can wear up to eight rings at the same time.
You can use your tentacles to constrict eight enemies at once.
Your skin changes colour to match your surroundings (Stealth+).
Your rubbery body absorbs attacks. (AC +1, EV +1)


Message History

Okay, then.
Casting: Summon Lightning Spire (dangerous; 13% risk of failure)
Confirm with . or Enter, or press ? or * to list all spells.
Okay, then.
Casting: Summon Lightning Spire (dangerous; 13% risk of failure)
Confirm with . or Enter, or press ? or * to list all spells.
An electric hum fills the air.
You are feeling very hungry.
The ogre shouts!
The two-headed ogre shouts in stereo!
An orc sorcerer comes into view. It is wielding a +0 dagger.
You can feel time thicken for a moment.
You feel somewhat more hungry.
Cheibriados lowers the support of your attributes as your movement quickens.
You tentacle-slap the ogre.
The ogre is severely wounded.
The ogre hits you with a +0 giant spiked club!!
You fail to use your ability.
The two-headed ogre hits you with a +0 giant club!!
* * * LOW HITPOINT WARNING * * *
The two-headed ogre hits you with a +0 giant club!!
You die...

#. ## ###.#..
#. ..# .....#.
.. ..# .......
. ....
.....#.#.
....#
#.....##..#
..#.........##
..o...O@.....#
......8O>...##
#..........##
............#
#............#
..$.........##
............#
###.#......##
#.#.#.....


You could see a two-headed ogre, an orc sorcerer, an ogre and a friendly
lightning spire (summoned).

Vanquished Creatures
  Harold (D:8)
  Fannar (D:10)
  A two-headed ogre (D:8)
  A queen ant (D:11)
  An unseen horror (D:11)
  2 ugly things (D:11)
  Joseph (D:10)
  A troll (D:9)
  Grinder (D:5)
  A hippogriff (D:10)
  Eustachio (D:6)
  Sigmund (D:2)
  2 wraiths
  8 yaks
  3 centaurs
  2 wyverns
  Grum (D:10)
  2 hungry ghosts
  4 soldier ants (D:11)
  2 wargs (D:11)
  5 orc warriors
  An ice beast (D:6)
  2 phantoms
  2 ogres
  2 wolves (D:10)
  A necrophage (D:10)
  3 big kobolds
  3 bullfrogs
  A gnoll sergeant (D:10)
  A wyvern skeleton (D:10)
  A water moccasin skeleton (D:5)
  4 wights (D:8)
  A howler monkey (D:8)
  2 crimson imps
  A centaur zombie (D:9)
  3 hounds
  A quasit (D:10)
  7 orc priests
  5 orc wizards
  Jessica (D:2)
  2 iguanas
  Ijyb (D:5)
  19 worker ants
  A hound zombie (D:10)
  A hound skeleton (D:6)
  A worker ant zombie (D:5)
  7 gnolls
  15 adders
  2 river rats
  3 shadow imps
  An ooze (D:5)
  A worm (D:3)
  3 dart slugs (D:1)
  7 leopard geckos
  38 orcs
  2 ball pythons
  4 giant cockroaches
  3 goblins
  6 hobgoblins
  10 jackals
  4 quokkas
  3 bats
  5 frilled lizards
  A goblin zombie (D:6)
  18 kobolds
  A leopard gecko skeleton (D:5)
  11 rats
254 creatures vanquished.

Vanquished Creatures (collateral kills)
  A komodo dragon (D:11)
  A warg (D:11)
  2 soldier ants (D:11)
  An ice beast (D:10)
  A centaur (D:6)
  A bullfrog (D:11)
  A wight (D:8)
  An orc wizard (D:5)
  4 worker ants (D:11)
  A leopard gecko (D:11)
  An orc (D:5)
15 creatures vanquished.

Vanquished Creatures (others)
  A centaur (D:8)
  A centaur skeleton (D:5)
  An orc wizard (D:5)
  An adder (D:6)
  An orc (D:4)
  A jackal (D:5)
6 creatures vanquished.

Grand Total: 275 creatures vanquished

Notes
Turn   | Place    | Note
-------+----------+-------------------------------------------
     0 | D:1      | Maedhros the Octopode Artificer began the quest for the
                  | Orb.
     0 | D:1      | Reached XP level 1. HP: 13/13 MP: 3/3
   112 | D:3      | Found a hazy altar of Hepliaklqana.
   212 | D:3      | Reached XP level 2. HP: 18/18 MP: 4/4
   359 | D:4      | Reached XP level 3. HP: 15/23 MP: 5/5
   379 | D:4      | Reached skill level 5 in Stealth
   379 | D:4      | Reached XP level 4. HP: 21/28 MP: 6/6
   392 | D:5      | Entered Level 5 of the Dungeon
   535 | D:4      | Noticed a centaur
   684 | D:5      | Found a glowing drain.
   685 | D:5      | Reached skill level 1 in Unarmed Combat
   689 | Sewer    | Entered a sewer
   730 | Sewer    | Noticed a big kobold
   741 | Sewer    | Killed a big kobold
   741 | Sewer    | Reached skill level 3 in Unarmed Combat
   741 | Sewer    | Reached XP level 5. HP: 21/33 MP: 7/7
   767 | Sewer    | Found a white marble altar of Elyvilon.
   866 | D:5      | Noticed Grinder
   872 | D:5      | Killed Grinder
   872 | D:5      | Reached skill level 5 in Unarmed Combat
   872 | D:5      | Reached XP level 6. HP: 27/38 MP: 8/8
   887 | D:5      | Noticed a phantom
   915 | D:5      | Killed a phantom
   915 | D:5      | Reached XP level 7. HP: 24/43 MP: 9/9
   952 | D:5      | Reached skill level 6 in Unarmed Combat
  1137 | D:6      | Killed a centaur
  1137 | D:6      | Reached skill level 7 in Unarmed Combat
  1209 | D:6      | Noticed Menkaure
  1224 | D:6      | Noticed Eustachio
  1243 | D:6      | Killed Eustachio
  1243 | D:6      | Reached skill level 8 in Unarmed Combat
  1243 | D:6      | Reached XP level 8. HP: 22/48 MP: 10/10
  1426 | D:6      | Found an ornate altar of the Wu Jian Council.
  1529 | D:6      | Found a runed translucent door.
  1534 | D:6      | Found a basalt altar of Yredelemnul.
  1608 | D:7      | Found an opulent altar of Gozag.
  1650 | D:7      | Got a warped glass ring
  1651 | D:7      | Identified the ring of Amelioration {+Fly SInv Stlth+} (You
                  | found it on level 7 of the Dungeon)
  1679 | D:7      | Learned a level 4 spell: Summon Lightning Spire
  1851 | D:7      | Found a glowing silver altar of Zin.
  1900 | D:7      | Found Diaman's Distillery.
  1974 | D:7      | Found a staircase to the Ecumenical Temple.
  2129 | D:8      | Noticed a two-headed ogre
  2139 | D:8      | Killed a two-headed ogre
  2139 | D:8      | Reached skill level 9 in Unarmed Combat
  2139 | D:8      | Reached XP level 9. HP: 57/58 MP: 11/11
  2202 | D:8      | Noticed Harold
  2220 | D:8      | Killed Harold
  2220 | D:8      | Reached skill level 5 in Fighting
  2220 | D:8      | Reached skill level 5 in Dodging
  2364 | Temple   | Entered the Ecumenical Temple
  2375 | Temple   | Became a worshipper of Cheibriados the Contemplative
  2580 | D:4      | Found a shattered altar of Ashenzari.
  2808 | D:3      | Found a glowing golden altar of the Shining One.
  2886 | D:1      | Reached skill level 10 in Unarmed Combat
  2939 | D:1      | Reached * piety under Cheibriados
  3226 | D:2      | Noticed Sigmund
  3237 | D:2      | Killed Sigmund
  3286 | D:2      | Noticed Jessica
  3290 | D:2      | Killed Jessica
  3323 | D:2      | Reached skill level 1 in Air Magic
  3327 | D:2      | Reached skill level 1 in Summonings
  3369 | D:2      | Reached ** piety under Cheibriados
  3459 | D:2      | Found a basalt altar of Yredelemnul.
  3565 | D:3      | Reached skill level 1 in Spellcasting
  3669 | D:4      | Reached XP level 10. HP: 39/67 MP: 12/12
  3859 | D:5      | Noticed Ijyb
  3861 | D:5      | Got a fading buckler
  3916 | D:5      | Killed Ijyb
  4043 | D:7      | Learned a level 6 spell: Statue Form
  4043 | D:7      | stat form found at 2500
  4108 | D:7      | Identified the cursed +0 buckler "Qitrust" {rC- rN++ Dex+7}
                  | (You found it on level 5 of the Dungeon)
  4165 | D:7      | Found a shimmering blue altar of Sif Muna.
  4258 | D:7      | Bought a potion of heal wounds for 75 gold pieces
  4258 | D:7      | Bought a potion of heal wounds for 75 gold pieces
  4258 | D:7      | Bought a potion of invisibility for 120 gold pieces
  4549 | D:8      | Found a white marble altar of Elyvilon.
  4660 | D:9      | Reached *** piety under Cheibriados
  4796 | D:9      | Reached skill level 1 in Shields
  4819 | D:9      | Found an iron altar of Okawaru.
  4846 | D:9      | Noticed a +0 dagger
  4847 | D:9      | Noticed a +0 dagger
  4848 | D:9      | Found a hide-covered altar of Uskayaw.
  4886 | D:10     | Entered Level 10 of the Dungeon
  4916 | D:10     | Noticed Joseph
  4921 | D:10     | Reached **** piety under Cheibriados
  5066 | D:10     | Noticed Fannar
  5184 | D:10     | Killed Joseph
  5211 | D:10     | Found a staircase to the Orcish Mines.
  5350 | D:10     | Reached XP level 11. HP: 72/72 MP: 16/16
  5359 | D:10     | Noticed Grum
  5431 | D:10     | Killed Grum
  5538 | D:10     | Noticed Erolcha
  5625 | D:10     | Killed Fannar
  5713 | D:11     | Reached ***** piety under Cheibriados
  5833 | D:11     | Noticed a queen ant
  5848 | D:11     | Reached skill level 1 in Invocations
  5854 | D:11     | Killed a queen ant
  5854 | D:11     | Reached skill level 1 in Transmutations
  5854 | D:11     | Reached skill level 1 in Earth Magic
  5917 | D:11     | Noticed an unseen horror
  5930 | D:11     | Killed an unseen horror
  6059 | D:11     | Noticed a white ugly thing
  6072 | D:11     | Noticed a cyclops
  6121 | D:11     | Noticed a red ugly thing
  6151 | D:11     | Killed a red ugly thing
  6219 | D:11     | Killed a white ugly thing
  6306 | D:10     | Noticed Josephine
  6387 | Orc:1    | Entered Level 1 of the Orcish Mines
  6387 | Orc:1    | Noticed a two-headed ogre
  6389 | Orc:1    | Noticed an orc sorcerer
  6392 | Orc:1    | Mangled by a two-headed ogre

Illustrated notes

########.# #.. .#
#.. .# #.. .. #.
#.# #.######
#......# #
##..@..# ..#
##.....##
....#.....##
#........##
##.....###
#.%......###
#.....#.....###
.....####.....###
....# ###....<#


Turn 4043 on D:7: stat form found at 2500

Levels and vault maps discovered:
D:1:      sevenhm_arrival_forest_fort_large_3, layout_loops_ring
D:2:      layout_loops_corners, makhleb_grotto_becter, lemuel_crystal_altar,
          uniq_sigmund, uniq_jessica
D:3:      layout_loops_ring, tso_oasis_becter, lemuel_round_altar,
          chequers_serial_rivers_room_b
D:4:      layout_basic, nicolae_overflow_hidden_temple, first_ration
D:5:      layout_loops_ring, lemuel_coloured_pillars_altar,
          gup_sewer_entry_spiral, uniq_ijyb, uniq_grinder
D:6:      layout_basic, lemuel_doored_altar, dk_yredelemnul_ordeal,
          uniq_eustachio, uniq_menkaure
D:7:      layout_basic, kennysheep_mini_moat, zin_academy,
          overflow_temple_1_default, minmay_temple_entry_from_below_a,
          serial_shops, nicolae_shop_crystal, minmay_crossroads
D:8:      layout_cave_pools, elyvilon_altar_3, uniq_harold
D:9:      layout_basic, dancing_weapons_uskayaw, overflow_temple_1_default
D:10:     layout_stronghold, hiddenorc1_lemuel, uniq_erolcha, uniq_josephine,
          uniq_grum, uniq_joseph, uniq_fannar
D:11:     layout_layer_cave, erik_lair_orcish_takeover, hangedman_fish_farm,
          minmay_another_anthill
Temple:   nicolae_temple_figure_zero
Orc:1:    layout_caves, minmay_orc_keep, uniq_snorg

Skill      XL: |  1  2  3  4  5  6  7  8  9 10 11 |
---------------+----------------------------------+-----
Stealth        | 2 4 5 6 7 |  7.1
Unarmed Combat | 3 5 8 9 10 | 10.0
Fighting       | 3 5 6 |  6.6
Dodging        | 4 5 6 7 |  7.5
Air Magic      | 1 4 |  4.4
Summonings     | 1 4 |  4.5
Spellcasting   | 1 3 4 |  4.5
Shields        | 1 3 |  3.8
Invocations    | 4 |  4.1
Transmutations | 2 |  2.4
Earth Magic    | 2 |  2.6
Short Blades   | |  1.0
Evocations     | |  3.2

Action                   |  1- 3 |  4- 6 |  7- 9 | 10-12 || total
-------------------------+-------+-------+-------+-------++-------
Melee: Short sword       |    17 |       |       |       ||    17
       Constrict         |     6 |    11 |    43 |    64 ||   124
       Tentacles         |     5 |     7 |    43 |    95 ||   150
       Rapier            |     1 |    44 |    20 |       ||    65
       Unarmed           |       |       |   180 |   325 ||   505
       Punch             |       |       |    13 |    58 ||    71
Throw: Dart              |       |       |     2 |       ||     2
 Cast: Summon Lightning  |       |       |       |    15 ||    15
Invok: Slouch            |       |       |       |     2 ||     2
Evoke: Wand              |     5 |    14 |    28 |    13 ||    60
  Use: Potion            |       |       |     5 |     3 ||     8
       Scroll            |       |       |     2 |     9 ||    11
 Stab: Sleeping          |     7 |    10 |    23 |    11 ||    51
       Confused          |       |       |     2 |       ||     2
       Betrayed ally     |       |       |     1 |       ||     1
       Invisible         |       |       |     1 |       ||     1
       Distracted        |       |       |       |     1 ||     1
  Eat: Chunk             |       |       |     7 |     9 ||    16
       Ration            |       |       |     1 |       ||     1
Armor: Skin              |     1 |     3 |    10 |    30 ||    44
Dodge: Dodged            |     6 |    26 |    92 |   182 ||   306
Block: Buckler           |       |       |       |    78 ||    78

Table legend:
 A = Non-vault XP
 B = Vault XP
 C = Vault XP percentage of total XP
 D = Non-vault monster count
 E = Vault monster count
 F = Vault count percentage of total count
                 A         B        C        D         E       F
            +---------+---------+-------+---------+---------+-------
      Total |    9685 |    6689 |  40.9 |     190 |      80 |  29.6
            +---------+---------+-------+---------+---------+-------
        D:1 |      35 |       0 |   0.0 |      18 |       0 |   0.0
        D:2 |      80 |     249 |  75.7 |      16 |       2 |  11.1
        D:3 |      92 |       0 |   0.0 |      17 |       0 |   0.0
        D:4 |     269 |       0 |   0.0 |      15 |       0 |   0.0
        D:5 |     510 |     346 |  40.4 |      20 |       8 |  28.6
        D:6 |     541 |     218 |  28.7 |      13 |       2 |  13.3
        D:7 |     255 |     137 |  34.9 |       4 |       1 |  20.0
        D:8 |    1572 |    1034 |  39.7 |      19 |       1 |   5.0
        D:9 |    2221 |       0 |   0.0 |      21 |       0 |   0.0
       D:10 |    1640 |    2086 |  56.0 |      31 |      23 |  42.6
       D:11 |    2470 |    2497 |  50.3 |      16 |      34 |  68.0
      Sewer |       0 |     122 | 100.0 |       0 |       9 | 100.0
            +---------+---------+-------+---------+---------+-------
